 Dungeon Crawl Stone Soup version 0.20.1-1-g8b1a95d (webtiles) character file.

109 pomescollege the Chiller (level 4, -11/30 HPs)
             Began as a Merfolk Ice Elementalist on Dec 27, 2017.
             Mangled by an orc warrior
             ... wielding a +0 long sword
              (18 damage)
             ... on level 4 of the Dungeon.
             The game lasted 00:07:32 (2933 turns).

pomescollege the Chiller (Merfolk Ice Elementalist) Turns: 2933, Time: 00:07:32

Health: -11/30     AC:  8    Str: 13    XL:     4   Next: 89%
Magic:  0/8        EV: 13    Int: 14    God:
Gold:   146        SH:  3    Dex: 15    Spells: 2/8 levels left

rFire    . . .     SeeInvis .   f - +0 spear
rCold    . . .     Gourm    .   (no shield)
rNeg     . . .     Faith    .   g - +0 leather armour
rPois    .         Spirit   .   (no helmet)
rElec    .         Reflect  +   (no cloak)
rCorr    .         Harm     .   (no gloves)
MR       .....                  (no boots)
Stlth    ++........             p - +3 amulet of reflection
Regen    0.1/turn               e - +5 ring of strength
MPRegen  0.2/turn               (no ring)

@: icy armour, very slightly contaminated, slow
A: change form in water, swift swim, stealthy swim
a: no special abilities


You were on level 4 of the Dungeon.
You were not hungry.

You visited 1 branch of the dungeon, and saw 4 of its levels.

You collected 146 gold pieces.

Inventory:

Hand Weapons
 f - a +0 spear (weapon)
Armour
 a - a +0 robe
 g - a +0 leather armour (worn)
Jewellery
 e - a +5 ring of strength (left hand)
 p - a +3 amulet of reflection (around neck)
 s - an uncursed amulet of rage {unknown}
Scrolls
 d - a scroll of teleportation
 i - 2 scrolls of identify
 k - a scroll of amnesia
 l - 3 scrolls of fog
Potions
 j - a potion of resistance {unknown}
 m - a potion of invisibility {unknown}
 n - a potion of brilliance {unknown}
 o - a potion of mutation {unknown}
 q - a potion of agility
Books
 b - a book of Frost

   Spells                             Type                      Level
   a - Freeze                         Ice                          1
   b - Throw Frost                    Conjuration/Ice              2
   c - Ozocubu's Armour               Charms/Ice                   3
   d - Throw Icicle                   Conjuration/Ice              4
   e - Summon Ice Beast               Ice/Summoning                4
Comestibles
 c - 2 bread rations
 h - 3 royal jellies
 r - a meat ration
 t - 3 chunks of flesh


   Skills:
 + Level 0.2 Fighting
 + Level 0.8 Polearms
 + Level 0.9 Armour
 + Level 3.1 Dodging
 + Level 3.3 Stealth
 + Level 2.9 Spellcasting
 + Level 0.7 Conjurations
 + Level 4.0 Ice Magic


You had 2 spell levels left.
You knew the following spells:

 Your Spells              Type           Power        Failure   Level  Hunger
a - Freeze                Ice            ##..         5%          1    #......
b - Throw Frost           Conj/Ice       #.....       16%         2    ##.....
c - Ozocubu's Armour      Chrm/Ice       #.......     34%         3    ###....


Dungeon Overview and Level Annotations

Branches:
Dungeon (4/15)
 Temple: D:4-7

Altars:
Cheibriados
Gozag
Vehumet
Yredelemnul
Zin


Message History

Casting: Freeze
Confirm with . or Enter, or press ? or * to list all spells.
Aiming: Freeze
Press: ? - help, Shift-Dir - straight line, f - orc, p - orc warrior
Aim: an orc, wielding a mace You freeze the orc.
The orc is lightly wounded.
You block the orc's attack.
Casting: Freeze
Confirm with . or Enter, or press ? or * to list all spells.
Aiming: Freeze
Press: ? - help, Shift-Dir - straight line, f/p - orc
Aim: an orc, wielding a mace (lightly wounded)
You freeze the orc.
You kill the orc!
You hit the orc warrior.
The orc warrior is severely wounded.
The orc warrior hits you with a long sword!!
Ouch! That really hurt!
You die...

# # # #
################# #
#...#..........+######
#..........#####......
#...#o####.######.#.##
#...#@####........#.##
#...#...####.........#
#...###.# #...)......
#<..# #.# #.รท........
##### #.# #..........
#####.# #..........
#.....# #..........
#.##### #..........
###.# #..........


You could see an orc warrior.

Vanquished Creatures
  A hound (D:4)
  A worker ant (D:4)
  An adder (D:2)
  2 worms
  3 orcs
  5 bats
  3 giant cockroaches
  6 hobgoblins
  2 kobolds
  A ball python (D:3)
  6 frilled lizards
  4 goblins
  5 rats
40 creatures vanquished.

Notes
Turn   | Place    | Note
-------+----------+-------------------------------------------
     0 | D:1      | pomescollege the Merfolk Ice Elementalist began the quest for the Orb.
     0 | D:1      | Reached XP level 1. HP: 13/13 MP: 3/3
   414 | D:1      | Reached XP level 2. HP: 19/19 MP: 5/5
   847 | D:2      | Reached XP level 3. HP: 20/24 MP: 4/6
  1166 | D:2      | Found a basalt altar of Yredelemnul.
  1195 | D:2      | Learned a level 2 spell: Throw Frost
  1199 | D:2      | Learned a level 3 spell: Ozocubu's Armour
  1589 | D:3      | Found a glowing silver altar of Zin.
  1905 | D:3      | Found a snail-covered altar of Cheibriados.
  1907 | D:3      | Found a radiant altar of Vehumet.
  1908 | D:3      | Found an opulent altar of Gozag.
  2406 | D:4      | Noticed a phantom
  2418 | D:4      | Reached skill level 4 in Ice Magic
  2418 | D:4      | Reached XP level 4. HP: 9/30 MP: 2/8
  2909 | D:4      | Noticed an orc warrior
  2933 | D:4      | Mangled by an orc warrior

Skill      XL: |  1  2  3 |
---------------+----------+-----
Dodging        | 3 |  3.1
Stealth        | 3 |  3.3
Ice Magic      | 4 |  4.0
Fighting       | |  0.2
Polearms       | |  0.8
Armour         | |  0.9
Spellcasting   | |  2.9
Conjurations   | |  0.7

Action                   |  1- 3 |  4- 6 || total
-------------------------+-------+-------++-------
Melee: Spear             |    67 |    35 ||   102
 Cast: Freeze            |    24 |    14 ||    38
       Ozocubu's Armour  |       |     2 ||     2
  Use: Scroll            |     7 |       ||     7
       Potion            |     1 |     2 ||     3
 Stab: Sleeping          |     9 |     1 ||    10
  Eat: Chunk             |     2 |       ||     2
       Royal jelly       |     1 |       ||     1
       Bread ration      |       |     1 ||     1
Armor: Leather armour    |     8 |     6 ||    14
Dodge: Dodged            |    37 |    25 ||    62
Block: Other             |     3 |     8 ||    11
